 Dungeon Crawl Stone Soup version 0.28-a0-730-g892d06dc2c (webtiles) character file.

Game seed: 1557441388413127713

190 blank1 the Cudgeller (level 5, -5/46 HPs)
             Began as a Minotaur Fighter on Oct 28, 2021.
             Was an Initiate of Okawaru.
             Killed from afar by a steam dragon (11 damage)
             ... with a ball of steam
             ... on level 4 of the Dungeon.
             The game lasted 00:05:53 (3272 turns).

blank1 the Cudgeller (Minotaur Fighter)             Turns: 3272, Time: 00:05:53

Health: -5/46      AC:  9    Str: 22    XL:     5   Next: 41%
Magic:  6/6        EV: 10    Int:  5    God:    Okawaru [......]
Gold:   92         SH:  4    Dex:  9    Spells: 4/4 levels left

rFire   . . .      SeeInvis .   a - +1 flail (drain)
rCold   . . .      Faith    .   c - +0 buckler
rNeg    . . .      Spirit   .   b - +0 scale mail
rPois   .          Reflect  .   (helmet restricted)
rElec   .          Harm     .   (no cloak)
rCorr   .          Rampage  .   l - +1 pair of gloves
Will    .....                   (no boots)
Stlth   ..........              (no amulet)
HPRegen 0.15/turn               (no ring)
MPRegen 0.10/turn               (no ring)

@: mighty
A: horns 2, retaliatory headbutt
a: Renounce Religion


You were on level 4 of the Dungeon.
You worshipped Okawaru.
Okawaru was noncommittal.
You visited 1 branch of the dungeon, and saw 4 of its levels.
You also visited: Sewer.

You collected 92 gold pieces.

Inventory:

Hand Weapons
 a - a +1 flail of draining (weapon)
Armour
 b - a +0 scale mail (worn)
 c - a +0 buckler (worn)
 l - a +1 pair of gloves (worn)
Jewellery
 q - a ring of wizardry
Wands
 e - a wand of acid (5)
Scrolls
 f - a scroll of enchant armour
 g - 2 scrolls of teleportation
 o - 2 scrolls of fog
 r - a scroll of enchant weapon
Potions
 h - 2 potions of heal wounds {unknown}
 i - 2 potions of curing
 j - 2 potions of degeneration {unknown}
 k - a potion of flight {unknown}
 m - a potion of brilliance {unknown}
 n - a potion of mutation {unknown}
 p - a potion of haste


   Skills:
 + Level 4.1 Fighting
 + Level 4.1 Maces & Flails
 - Level 4.0 Armour
 - Level 2.0 Dodging
 - Level 4.0 Shields
 - Level 3.0 Invocations


You had 4 spell levels left.
You didn't know any spells.
Your spell library contained the following spells:

 Spells                   Type           Power      Damage    Failure   Level
 Ignite Poison            Fire/Tmut/Pois 0%         N/A       99%         3
 Mephitic Cloud           Conj/Pois/Air  0%         N/A       99%         3
 Freezing Cloud           Conj/Ice/Air   0%         6-21      100%        5


Dungeon Overview and Level Annotations

Branches:
Dungeon (4/15)              Sewer (visited)
 Temple: D:4-7

Altars:
Kikubaaqudgha
Okawaru
Sif Muna


Innate Abilities, Weirdness & Mutations

You have a pair of horns on your head.
You reflexively headbutt those who attack you in melee.


Message History

You hit the steam dragon but do no damage.
Your headbutt misses the steam dragon.
The steam dragon bites you but does no damage.
The steam dragon claws you but does no damage.
You sock the steam dragon! Your headbutt misses the steam dragon.
The steam dragon is moderately wounded.
The steam dragon bites you.
The steam dragon claws you but does no damage.
You hit the steam dragon.
The steam dragon is moderately wounded.
The steam dragon bites you.
The steam dragon claws you but does no damage.
You closely miss the steam dragon.
The steam dragon is moderately wounded.
The steam dragon breathes steam at you. The ball of steam hits you!
* * * LOW HITPOINT WARNING * * *
You feel very mighty all of a sudden.
You are engulfed in a cloud of scalding steam.
* * * LOW HITPOINT WARNING * * *
The steam dragon barely misses you. You furiously retaliate!
You headbutt the steam dragon.
The steam dragon claws you but does no damage.
You closely miss the steam dragon. Your headbutt misses the steam dragon.
The steam dragon is moderately wounded.
You are engulfed in a cloud of scalding steam.
The steam dragon bites you but does no damage.
The steam dragon claws you but does no damage.
The steam dragon closely misses you. The steam dragon claws you.
* * * LOW HITPOINT WARNING * * *
You hit the steam dragon. You headbutt the steam dragon!
The steam dragon is severely wounded.
The steam dragon closely misses you. You furiously retaliate!
You headbutt the steam dragon.
The steam dragon claws you but does no damage.
You closely miss the steam dragon. Your headbutt misses the steam dragon.
The steam dragon is severely wounded.
The steam dragon breathes steam at you. The ball of steam hits you!
You die...

#.# ***,*** *,* #.######.# *,*
#........# *,* ##..####### *,*
##...## *,* #.....#*
*#####**,*******
##..>#.####..<..,,,,,,**,,
##.###.....#*****,***,*,*
*********##.#...@.## *,*****,,*
,,,,,,,,* ##.###D..# *,**,,,,,,
*******,* ### #...# *,**,**,,*
***,***** #...# **,*,*,*,*
*,>,,,,,* #...# **,,,**,,
*****,*,***,* #..)#*******,*****
,,,,,,,,,**,* #....,,,,,,,,*****
,**,,,,*,,,,***#...##,**,,,,,,,,*
,**,,,,,,,,,,,,,,,,,,,,,,,*,***,*


You could see a steam dragon (catching breath).

Vanquished Creatures
  An orc wizard (D:3)
  2 adders (Sewer)
  3 gnolls (D:3)
  A river rat (Sewer)
  3 worms
  2 dart slugs
  4 orcs
  7 bats
  10 endoplasms
  5 giant cockroaches
  6 hobgoblins
  3 jackals (D:4)
  6 kobolds
  4 quokkas
  7 ball pythons
  13 frilled lizards
  3 goblins
  12 rats
92 creatures vanquished.

Notes
Turn   | Place    | Note
-------+----------+-------------------------------------------
     0 | D:1      | blank1 the Minotaur Fighter began the quest for the Orb.
     0 | D:1      | Reached XP level 1. HP: 19/19 MP: 0/0
   280 | D:1      | Reached XP level 2. HP: 27/27 MP: 1/1
   948 | D:2      | Found an iron altar of Okawaru.
   955 | D:2      | Became a worshipper of Warmaster Okawaru
  1111 | D:2      | Reached XP level 3. HP: 31/33 MP: 2/2
  1482 | D:2      | Found a faded altar of an unknown god.
  1854 | D:3      | Reached skill level 1 in Dodging
  1854 | D:3      | Reached skill level 1 in Invocations
  1854 | D:3      | Reached XP level 4. HP: 29/40 MP: 3/3
  2025 | D:3      | Found a glowing drain.
  2041 | Sewer    | Entered a sewer
  2415 | Sewer    | Reached XP level 5. HP: 46/46 MP: 5/5
  2782 | D:3      | Found an ancient bone altar of Kikubaaqudgha.
  2790 | D:3      | Found a shimmering blue altar of Sif Muna.
  3258 | D:4      | Noticed a steam dragon
  3272 | D:4      | Killed from afar by a steam dragon

Illustrated notes

Levels and vault maps discovered:
D:1:      dpeg_arrival_shrine, layout_basic
D:2:      layout_basic, shapermc_ecumenical_altar_pompeii, basic_altar
D:3:      layout_loops_cross, mainiacjoe_overflow_big_doors,
          gup_sewer_entry_pipe, kennysheep_generic_room_11
D:4:      layout_loops_cross

Skill      XL: |  1  2  3  4  5 |
---------------+----------------+-----
Fighting       | 4 |  4.1
Maces & Flails | 3 4 |  4.1
Armour         | 4 |  4.0
Shields        | 4 |  4.0
Dodging        | 1 2 |  2.0
Invocations    | 1 2 3 |  3.0

Action                   |  1- 3 |  4- 6 || total
-------------------------+-------+-------++-------
Melee: Flail             |   102 |   112 ||   214
       Headbutt          |    10 |    14 ||    24
  Use: Scroll            |     6 |     3 ||     9
       Potion            |       |     1 ||     1
Armor: Scale mail        |    50 |    54 ||   104
Dodge: Dodged            |    56 |    56 ||   112
Block: Buckler           |    23 |    17 ||    40

Table legend: (Time is in decaauts)
 A = Elapsed time spent in this place.
 B = Non-inter-level travel time spent in this place.
 C = Inter-level travel time spent in this place.
 D = Time resting spent in this place.
 E = Time spent auto-exploring this place.
 F = Levels seen in this place.
 G = Mean time per level.
                   A        B        C        D        E       F      G
               +--------+--------+--------+--------+--------+-----+--------+
         Total |   3387 |   3211 |    176 |      0 |   2461 |   5 |  677.4 |
       Dungeon |   2892 |   2716 |    176 |      0 |   2134 |   4 |  723.0 |
         Sewer |    495 |    495 |      0 |      0 |    327 |   1 |  495.0 |
               +--------+--------+--------+--------+--------+-----+--------+

Top non-repeatable levels by time:
     D:3: 966 daAuts
     D:1: 953 daAuts
     D:2: 870 daAuts
   Sewer: 495 daAuts
     D:4: 101 daAuts
